 Dungeon Crawl Stone Soup version 0.29.0-13-gc9e81de378 (webtiles) character file.

Game seed: 16060686932429003154

619 Ofeo the Shield-Bearer (level 7, 0/62 HPs)
             Began as a Minotaur Fighter on Sept 11, 2022.
             Slain by a water moccasin (2 damage)
             ... on level 5 of the Dungeon.
             The game lasted 00:01:26 (2423 turns).

Ofeo the Shield-Bearer (Minotaur Fighter)           Turns: 2423, Time: 00:01:26

Health: 0/62       AC:  8    Str: 21    XL:     7   Next: 21%
Magic:  6/6        EV:  9    Int:  4    God:
Gold:   114        SH:  0    Dex: 14    Spells: 6/6 levels left

rFire   . . .      SeeInvis .   i - +3 war axe (flame)
rCold   . . .      Faith    .   c - +0 buckler
rNeg    . . .      Spirit   .   b - +0 scale mail
rPois   +          Reflect  .   (helmet restricted)
rElec   .          Harm     .   (no cloak)
rCorr   .          Rampage  .   m - +0 pair of gloves
Will    .....                   (no boots)
Stlth   ..........              (no amulet)
HPRegen 0.20/turn               (no ring)
MPRegen 0.10/turn               (no ring)

@: confused, brilliant, lethally poisoned (0 -> -24), ambrosia-drunk
A: horns 2, retaliatory headbutt, agile 1, poison resistance, MP-powered wands
a: no special abilities


You were on level 5 of the Dungeon.
You visited 1 branch of the dungeon, and saw 5 of its levels.

You collected 114 gold pieces.

Inventory:

Hand Weapons
 a - a +0 war axe
 i - a +3 war axe of flaming (weapon)
Armour
 b - a +0 scale mail (worn)
 c - a +0 buckler (worn)
 m - a +0 pair of gloves (worn)
Scrolls
 f - 2 scrolls of magic mapping {unknown}
 g - 2 scrolls of teleportation {unknown}
 j - 3 scrolls of identify {unknown}
 k - a scroll of silence {unknown}
 l - a scroll of noise {unknown}
Potions
 d - 2 potions of might {@q4}
 h - a potion of mutation
 n - a potion of berserk rage


   Skills:
 + Level 5.9 Fighting
 + Level 5.2 Axes
 + Level 5.9 Armour
 + Level 5.9 Shields


You had 6 spell levels left.
You didn't know any spells.
Your spell library contained the following spells:

 Spells                   Type           Power      Damage    Failure   Level
 Apportation              Tloc           0%         N/A       88%         1
 Necrotise                Necr           0%         1d4       88%         1
 Summon Small Mammal      Summ           0%         N/A       88%         1


Dungeon Overview and Level Annotations

Branches:
Dungeon (5/15)
 Temple: D:4-7

Altars:
Dithmenos

Shops:
D:5 *


Innate Abilities, Weirdness & Mutations

You have a pair of horns on your head.
You reflexively headbutt those who attack you in melee.
You are agile. (Dex +4, Str/Int -1)
Your system is resistant to poisons. (rPois)
You expend magic power (3 MP) to strengthen your wands.


Message History

The water moccasin is moderately wounded.
You hit the water moccasin. You burn the water moccasin.
You feel very sick. The water moccasin bites you.
You are more poisoned.
The water moccasin poisons you! The water moccasin bites you!
The water moccasin bites you.
You are lethally poisoned!
The water moccasin poisons you!
You take 15 damage, and have 33/62 hp.
MASSIVE DAMAGE!!
It was a potion of mutation.
You feel extremely strange.
You feel resistant to poisons.
You feel your magical essence link to the dungeon's wands.
You feel agile.
You feel extremely sick.
The water moccasin bites you but does no damage.
The water moccasin closely misses you. The water moccasin bites you.
You are more poisoned.
The water moccasin poisons you!
You take 14 damage, and have 19/62 hp.
MASSIVE DAMAGE!!
It was a potion of brilliance.
You feel clever all of a sudden.
* * * LOW HITPOINT WARNING * * *
You feel extremely sick. The water moccasin barely misses you.
The water moccasin bites you but does no damage.
You take 8 damage, and have 11/62 hp.
It was a potion of ambrosia.
You are confused.
You feel invigorated.
* * * LOW HITPOINT WARNING * * *
You feel extremely sick. The water moccasin bites you.
* * * LOW HITPOINT WARNING * * *
The water moccasin bites you.
* * * LOW HITPOINT WARNING * * *
The water moccasin bites you.
You die...

##.# #...#.# #..#
##.###.# ###.##
###..# #.#
.##.#####...## #.#
))........### ##.#
#...###..######..#
....# ##........##
##.## #...####..#
#.# ###......@#
#.# ######.SS?∩.+
#.# #(.##...# #.#
#.## #### ..# #.#
## #.# #.# #.# #.#


You could see 2 water moccasins.

Vanquished Creatures
  A water moccasin (D:5)
  An ogre (D:5)
  A phantom (D:4)
  A howler monkey (D:5)
  A hound (D:5)
  2 jellies
  An orc priest (D:5)
  2 iguanas
  An orc wizard (D:5)
  6 adders
  A white imp (D:5)
  A worm (D:4)
  8 orcs
  4 bats
  3 endoplasms (D:4)
  2 giant cockroaches
  4 goblins
  3 hobgoblins
  6 jackals
  2 quokkas
  A ball python (D:4)
  A frilled lizard (D:2)
  4 kobolds
  2 rats (D:1)
59 creatures vanquished.

Vanquished Creatures (others)
  6 fungi (D:3)
6 creatures vanquished.

Grand Total: 65 creatures vanquished

Notes
Turn   | Place    | Note
-------+----------+-------------------------------------------
     0 | D:1      | Ofeo the Minotaur Fighter began the quest for the Orb.
     0 | D:1      | Reached XP level 1. HP: 19/19 MP: 0/0
   162 | D:1      | Reached XP level 2. HP: 27/27 MP: 1/1
   334 | D:3      | Found a shadowy altar of Dithmenos.
   344 | D:3      | Reached XP level 3. HP: 29/33 MP: 2/2
   412 | D:4      | Noticed a phantom
   420 | D:4      | Killed a phantom
   421 | D:4      | Reached XP level 4. HP: 30/41 MP: 3/3
  1013 | D:4      | Reached XP level 5. HP: 46/47 MP: 4/4
  1684 | D:5      | Entered Level 5 of the Dungeon
  1689 | D:5      | Reached skill level 5 in Fighting
  1689 | D:5      | Reached skill level 5 in Armour
  1689 | D:5      | Reached skill level 5 in Shields
  1756 | D:5      | Reached XP level 6. HP: 54/56 MP: 5/5
  2413 | D:5      | Found Asefus's Serpentskin Sales.
  2413 | D:5      | Noticed a water moccasin
  2413 | D:5      | Noticed a water moccasin
  2414 | D:5      | Noticed a water moccasin
  2419 | D:5      | Killed a water moccasin
  2420 | D:5      | Reached skill level 5 in Axes
  2420 | D:5      | Reached XP level 7. HP: 48/62 MP: 6/6
  2421 | D:5      | Gained mutation: Your system is resistant to poisons.
                  | (rPois) [potion of mutation]
  2421 | D:5      | Gained mutation: You expend magic power (3 MP) to
                  | strengthen your wands. [potion of mutation]
  2421 | D:5      | Gained mutation: You are agile. (Dex +4, Str/Int -1)
                  | [potion of mutation]
  2423 | D:5      | HP: 2/62 [water moccasin (3)]
  2423 | D:5      | Slain by a water moccasin

Illustrated notes

Levels and vault maps discovered:
D:1:      saegor_arrival_simple_d, layout_loops_corners,
          dilly_ecumenical_altar_fadedgnrine, st_stairs_1,
          hangedman_abyss_or_decor_stabs
D:2:      layout_basic, basic_altar, supply_closet_lemuel, minmay_cut_off,
          uniq_jessica, uniq_natasha
D:3:      layout_loops_cross, mainiacjoe_overflow_cross_hatched,
          chequers_serial_rivers_micro_a, minmay_misc_feat_roman, uniq_sigmund
D:4:      layout_loops_corners
D:5:      layout_rooms, guppyfry_shop_venom

Skill      XL: |  1  2  3  4  5  6 |
---------------+-------------------+-----
Fighting       | 4 5 |  5.9
Armour         | 4 5 |  5.9
Shields        | 4 5 |  5.9
Axes           | 3 4 5 |  5.2

Action                   |  1- 3 |  4- 6 |  7- 9 || total
-------------------------+-------+-------+-------++-------
Melee: War axe           |    51 |    73 |     1 ||   125
       Headbutt          |     8 |     8 |     1 ||    17
  Use: Potion            |       |       |     3 ||     3
Armor: Scale mail        |    26 |    26 |     2 ||    54
Dodge: Dodged            |    33 |    22 |     2 ||    57
Block: Buckler           |    13 |    20 |       ||    33
